 Dungeon Crawl Stone Soup version 0.30.0-29-ga12c61a403 (webtiles) character file.

Game seed: 5197667214327470631

2685 Gorgondantess the Grappler (level 9, -2/74 HPs)
             Began as a Ghoul Warper on June 20, 2023.
             Was a Believer of Cheibriados.
             Slain by a two-headed ogre
             ... wielding a +0 giant club
              (13 damage)
             ... on level 8 of the Dungeon.
             The game lasted 00:19:56 (7572 turns).

Gorgondantess the Grappler (Ghoul Warper)           Turns: 7572, Time: 00:19:56

Health: -2/74      AC:  9    Str: 22    XL:     9   Next: 64%
Magic:  9/11       EV: 11    Int: 15    God:    Cheibriados [**....]
Gold:   298        SH:  0    Dex: 13    Spells: 7/12 levels left

rFire   . .          .
                       - Unarmed
rCold   + + .        (no shield)
rNeg    + + +        v - +0 ring mail
rPois   ∞            p - +0 helmet
rElec   .            n - +0 cloak
rCorr   .            (no gloves)
SInv    .            t - +0 pair of boots
Will    .....        (no amulet)
Stlth   +            s - ring of protection from cold
HPRegen 0.00/turn    (no ring)
MPRegen 0.12/turn

%: no passive effects
@: on blink cooldown, inhibited regen, very slow
A: claws 1, cold resistance 1, negative energy resistance 3, inhibited
regeneration, torment resistance 2, devour on kill
a: Renounce Religion, Bend Time


You were on level 8 of the Dungeon.
You worshipped Cheibriados.
Cheibriados was pleased with you.
You visited 2 branches of the dungeon, and saw 9 of its levels.

You collected 312 gold pieces.
You spent 14 gold pieces at shops.

Inventory:

Hand Weapons
 b - a +0 shortbow
Missiles
 c - 7 boomerangs of dispersal
 u - 19 poisoned darts
 O - 2 boomerangs (quivered)
Armour
 a - a +0 leather armour
 n - a +0 cloak (worn)
 p - a +0 helmet (worn)
 t - a +0 pair of boots (worn)
 v - a +0 ring mail (worn)
 x - a +0 kite shield
 D - the +2 leather armour of Understanding {Harm Will- Regen+ Dex+7}
   (You found it on level 6 of the Dungeon)

   Dex:       It affects your dexterity (+7).
   Regen:     It increases your rate of health regeneration.
   Harm:      It increases damage dealt and taken.
   Will:      It decreases your willpower.
 E - a +0 pair of gloves
Magical Staves
 K - a staff of air
Jewellery
 s - a ring of protection from cold (left claw)
Wands
 y - a wand of flame (11)
 C - a wand of charming (11)
 M - a wand of iceblast (7)
Scrolls
 d - 2 scrolls of brand weapon
 f - 8 scrolls of teleportation {unknown}
 g - a scroll of fog {unknown}
 l - 2 scrolls of enchant weapon {unknown}
 m - a scroll of butterflies {unknown}
 q - a scroll of enchant armour {unknown}
 w - a scroll of fear {unknown}
 F - a scroll of immolation {unknown}
 H - a scroll of amnesia {unknown}
 L - 2 scrolls of blinking
Potions
 e - a potion of resistance
 h - a potion of magic
 i - 6 potions of curing
 j - 2 potions of heal wounds
 k - a potion of invisibility
 o - a potion of mutation
 r - 3 potions of flight
 z - a potion of ambrosia
 A - a potion of haste {unknown}
 B - a potion of berserk rage {unknown}
 I - a potion of brilliance {unknown}
 J - 2 potions of degeneration {unknown}
 N - a potion of might {unknown}


   Skills:
 * Level 5.2 Fighting
 + Level 1.2 Throwing
 + Level 3.7 Armour
 + Level 2.6 Dodging
 + Level 1.0 Stealth
 * Level 10.7 Unarmed Combat
 - Level 2.0 Spellcasting
 * Level 4.9 Translocations
 * Level 1.9 Air Magic


You had 7 spell levels left.
You knew the following spells:

 Your Spells              Type           Power      Damage    Failure   Level
a - Blink                 Tloc           32%        N/A       7%          2
b - Vhi's Electric Charg  Tloc/Air       22%        N/A       26%         3

Your spell library contained the following spells:

 Spells                   Type           Power      Damage    Failure   Level
 Lesser Beckoning         Tloc           32%        N/A       7%          2
 Teleport Other           Tloc           16%        N/A       14%         3
 Cigotuvi's Dreadful Rot  Necr/Pois/Air  6%         N/A       38%         2
 Manifold Assault         Tloc           16%        N/A       41%         4
 Dispel Undead            Necr           1%         3d6       98%         4
 Death Channel            Necr           0%         N/A       100%        6


Dungeon Overview and Level Annotations

Branches:
Dungeon (8/15)             Temple (1/1) D:5
   Lair: D:8-11

Altars:
Ashenzari
Cheibriados
Kikubaaqudgha
Makhleb
Nemelex Xobeh
Qazlal
Ru
Sif Muna
Trog
Uskayaw
Vehumet
Wu Jian
Yredelemnul

Shops:
D:4 :   D:7 ?

Annotations:
D:4 1 runed translucent door, Crazy Yiuf


Innate Abilities, Weirdness & Mutations

You are immune to poison.
You have sharp fingernails.
Your flesh is cold resistant. (rC+)
You are immune to negative energy. (rN+++)
You do not regenerate when monsters are visible.
You are immune to unholy pain and torment.
You thrive by killing the living.


Message History

Unknown command.
Throw: 21 darts (poison)
Press: ? - help, Shift-Dir - straight line, f/p - two-headed ogre
Aim: a two-headed ogre, wielding two +0 giant clubs (lightly wounded, very poisoned, 74% to hit)
You throw a poisoned dart.
The poisoned dart hits the two-headed ogre.
The two-headed ogre looks even sicker.
The two-headed ogre is lightly wounded.
Throw: 20 darts (poison)
Press: ? - help, Shift-Dir - straight line, f/p - two-headed ogre
Aim: a two-headed ogre, wielding two +0 giant clubs (lightly wounded, very poisoned, 74% to hit)
You throw a poisoned dart.
The poisoned dart hits the two-headed ogre.
The two-headed ogre looks as sick as possible!
The two-headed ogre is lightly wounded.
You claw the two-headed ogre!
The two-headed ogre is moderately wounded.
The two-headed ogre hits you with a +0 giant club!!
The two-headed ogre hits you with a +0 giant club!
You scratch the two-headed ogre.
The two-headed ogre is heavily wounded.
You claw the two-headed ogre!
The two-headed ogre is severely wounded.
The two-headed ogre hits you with a +0 giant club.
The two-headed ogre hits you with a +0 giant club!!
Casting: Blink (safe; 7% risk of failure)
Confirm with . or Enter, or press ? or * to list all spells.
You blink.
Found a stone staircase leading down.
Throw: 2 boomerangs
Press: ? - help, Shift-Dir - straight line, f/p - two-headed ogre
Aim: a two-headed ogre, wielding two +0 giant clubs (almost dead, very poisoned, 74% to hit)
You throw a boomerang. The boomerang hits the two-headed ogre!
The two-headed ogre is almost dead.
Unknown command.
You closely miss the two-headed ogre.
The two-headed ogre is almost dead.
The two-headed ogre hits you with a +0 giant club!
* * * LOW HITPOINT WARNING * * *
The two-headed ogre hits you with a +0 giant club!
You die...

#...#...........#.
....#........#..#.
.....#.............
#.........#.#.
...#.#.....#.#.
#.#.#.?.....#.##
#.#.###.#...#.#
#########.#.#.......#)#
.......@.>#.#.#.....#.#
#..###.(O.#.#.###.###.##
#.##(#.#...........
#.#...§..........#.
#.#.########.##### #.
..# #. ### #.


You could see a two-headed ogre (very poisoned).

Vanquished Creatures
  A hornet (D:7)
  Sigmund (D:6)
  An orc warrior (D:7)
  A black bear (D:5)
  2 sky beasts
  3 centaurs
  2 ogres
  2 phantoms
  A kobold brigand (D:7)
  A gnoll sergeant (D:5)
  A scorpion (D:6)
  3 bullfrogs
  7 howler monkeys (D:7)
  3 jellies
  2 hounds
  3 orc priests
  A sleepcap (D:5)
  Natasha (thrice) (D:4)
  2 iguanas
  An orc wizard (D:8)
  14 gnolls
  8 adders
  6 white imps
  A worm (D:5)
  4 dart slugs
  20 orcs
  5 ball pythons
  9 endoplasms
  A giant cockroach (D:2)
  10 goblins
  3 hobgoblins
  3 jackals (D:1)
  2 quokkas
  5 bats
  4 frilled lizards
  9 kobolds
  6 rats
151 creatures vanquished.

Notes
Turn   | Place    | Note
-------+----------+-------------------------------------------
     0 | D:1      | Gorgondantess the Ghoul Warper began the quest for the Orb.
     0 | D:1      | Reached XP level 1. HP: 17/17 MP: 2/2
   237 | D:1      | Reached skill level 3 in Unarmed Combat
   237 | D:1      | Reached XP level 2. HP: 24/24 MP: 3/3
   587 | D:1      | Reached XP level 3. HP: 27/29 MP: 4/4
   590 | D:1      | Learned a level 2 spell: Blink
   594 | D:1      | Learned a level 3 spell: Vhi's Electric Charge
   792 | D:1      | Reached skill level 4 in Unarmed Combat
  1240 | D:2      | Found a faded altar of an unknown god.
  1371 | D:2      | Reached XP level 4. HP: 22/37 MP: 5/5
  2412 | D:3      | Noticed a phantom
  2437 | D:3      | Killed a phantom
  2438 | D:3      | Reached skill level 5 in Unarmed Combat
  2438 | D:3      | Reached skill level 1 in Air Magic
  2438 | D:3      | Reached XP level 5. HP: 31/44 MP: 6/6
  2650 | D:3      | Found a shimmering blue altar of Sif Muna.
  2651 | D:3      | Found a hide-covered altar of Uskayaw.
  2716 | D:4      | Noticed a centaur
  2725 | D:4      | Killed a centaur
  2726 | D:4      | Reached skill level 6 in Unarmed Combat
  2726 | D:4      | Reached XP level 6. HP: 45/51 MP: 7/7
  2797 | D:4      | Found a runed translucent door.
  2798 | D:4      | Noticed Crazy Yiuf
  2994 | D:4      | Noticed Natasha
  3009 | D:4      | Killed Natasha
  3024 | D:4      | Noticed Natasha
  3025 | D:4      | Found a broken altar of Ashenzari.
  3029 | D:4      | Killed Natasha
  3053 | D:4      | Noticed Natasha
  3067 | D:4      | Killed Natasha
  3068 | D:4      | Reached skill level 7 in Unarmed Combat
  3159 | D:4      | Found Bieph's Self-Improvement Boutique.
  3349 | D:5      | Entered Level 5 of the Dungeon
  3411 | D:5      | Noticed a two-headed ogre
  3499 | D:5      | Reached XP level 7. HP: 55/57 MP: 8/8
  3656 | D:5      | Reached skill level 8 in Unarmed Combat
  3816 | D:4      | Reached skill level 1 in Armour
  4140 | D:5      | Found a staircase to the Ecumenical Temple.
  4151 | Temple   | Entered the Ecumenical Temple
  4223 | Temple   | Became a worshipper of Cheibriados the Contemplative
  4404 | Temple   | Reached XP level 8. HP: 41/63 MP: 9/9
  4546 | D:5      | Identified the +3 war axe of Poisudyaso {holy, rF+}
  4910 | D:6      | Noticed Sigmund
  4953 | D:6      | Killed Sigmund
  4954 | D:6      | Reached skill level 1 in Throwing
  5134 | D:6      | Reached skill level 9 in Unarmed Combat
  5218 | D:6      | Identified the +2 leather armour of Understanding {Harm
                  | Will- Regen+ Dex+7}
  5260 | D:5      | Reached skill level 1 in Stealth
  5698 | D:6      | Reached * piety under Cheibriados
  6145 | D:7      | Reached XP level 9. HP: 53/73 MP: 11/11
  6297 | D:7      | Reached skill level 5 in Fighting
  6297 | D:7      | Reached skill level 10 in Unarmed Combat
  6522 | D:7      | Reached ** piety under Cheibriados
  6571 | D:7      | Noticed a hornet
  6577 | D:7      | Killed a hornet
  7097 | D:7      | Found Cihihe Ufrek's Magic Scroll Boutique.
  7104 | D:7      | Bought a scroll of noise for 14 gold pieces
  7562 | D:8      | Noticed a two-headed ogre
  7572 | D:8      | Slain by a two-headed ogre

Illustrated notes

Levels and vault maps discovered:
D:1:      minmay_arrival_radiant_lines, layout_loops_corners, serial_forest,
          infiniplex_forest_lined_ring, infiniplex_forest_clump_large,
          infiniplex_forest_lined_2, infiniplex_forest_corner_1,
          infiniplex_forest_corner_1, infiniplex_forest_lined_ring,
          infiniplex_forest_split, infiniplex_forest_lined_3
D:2:      layout_loops_ring, hellmonk_ecumenical_altar_crossroads
D:3:      layout_rooms, nicolae_overflow_squiral, serial_corexii_hall,
          corexii_hall_statues_t, chequers_hall_statues_wall_a,
          chequers_hall_statues_wall_a, chequers_hall_statues_corner_a,
          chequers_hall_statues_corner_a, chequers_hall_statues_corner_a
D:4:      layout_rooms, cheibrodos_ashenzari_chains, grunt_ministairs_7,
          nicolae_shop_self_help, uniq_crazy_yiuf_cottage, uniq_natasha
D:5:      layout_basic, nzn_hepliaklqana_mist_gate,
          minmay_temple_entry_stoned_glass, kennysheep_generic_room_6
D:6:      layout_loops_ring, nicolae_tso_carved_into_rock, uniq_sigmund
D:7:      layout_basic, serial_shops, shop, grunt_ministairs_14,
          minmay_hedge_maze
D:8:      layout_basic, okawaru_gym_becter, dilly_guarded_unrand_devastator,
          uniq_prince_ribbit1
Temple:   nicolae_temple_bog_church

Skill      XL: |  1  2  3  4  5  6  7  8  9 |
---------------+----------------------------+-----
Unarmed Combat | 3 4 5 6 7 8 9 10 | 10.7
Translocations | 3 4 |  4.9
Air Magic      | 1 |  1.9
Fighting       | 3 4 5 |  5.2
Armour         | 1 2 3 |  3.7
Dodging        | 2 |  2.6
Throwing       | 1 |  1.2
Spellcasting   | 2 |  2.0
Stealth        | 1 |  1.0

Action                     |  1- 3 |  4- 6 |  7- 9 || total
---------------------------+-------+-------+-------++-------
  Melee: Unarmed           |   185 |   165 |   280 ||   630
         Punch             |     3 |     4 |    14 ||    21
   Fire: Shortbow          |       |       |     2 ||     2
  Throw: Dart              |       |       |    16 ||    16
         Boomerang         |       |       |     4 ||     4
   Cast: Blink             |       |       |     2 ||     2
    Use: Scroll            |       |       |     9 ||     9
 Armour: Leather armour    |    27 |    52 |     7 ||    86
         Ring mail         |       |       |    60 ||    60
  Dodge: Dodged            |    56 |    82 |   141 ||   279
